[Event "Titled Tuesday Blitz June 21 Early 2022"]
[White "Goltsev, Dmitry"]
[Black "Jakubowski, Krzysztof"]
[WhiteFideId "24176710"]
[BlackFideId "1112848"]
[WhiteElo "2258"]
[BlackElo "2365"]
[Result "1-0"]
[Round "03"]
[TimeControl "180+1"]
[Date "2022.06.21"]
[WhiteClock "0:00:22"]
[BlackClock "0:00:50"]

1. e4 c5 2. Nf3 e6 3. d4 cxd4 4. Nxd4 Nc6 5. Nc3 Qc7 6. Be2 a6 7. Be3 Nf6 8. O-O Bb4 9. f3 O-O 10. a3 Bxc3 11. bxc3 Ne5 12. Qe1 d6 13. h3 Nc4 14. Bg5 Ne8 15. Kh1 f6 16. Bc1 e5 17. Nb3 Be6 18. f4 Qc6 19. Bf3 Rc8 20. Qe2 Rc7 21. g4 Nb6 22. Be3 Na4 23. Na5 Qxc3 24. Bd2 Qc5 25. Bb4 Qxc2 26. Qxc2 Rxc2 27. Bd1 Rc3 28. Bxa4 Rxh3+ 29. Kg2 Bxg4 30. fxe5 fxe5 31. Bb3+ Rxb3 32. Nxb3 Be6 33. Na5 b6 34. Rxf8+ Kxf8 35. Nb7 1-0


[Site "https://www.chess.com"]

[Event "Titled Tuesday Blitz June 21 Early 2022"]
[White "Goltseva, Ekaterina"]
[Black "Ovezdurdyyeva, Jemal"]
[WhiteFideId "24173770"]
[BlackFideId "14001888"]
[WhiteElo "2086"]
[BlackElo "1946"]
[Result "1-0"]
[Round "03"]
[TimeControl "180+1"]
[Date "2022.06.22"]
[WhiteClock "0:00:16"]
[BlackClock "0:00:27"]

1. d4 Nf6 2. Nf3 g6 3. Nc3 d5 4. Bg5 Bg7 5. e3 O-O 6. Be2 b6 7. O-O c5 8. dxc5 bxc5 9. Bxf6 Bxf6 10. Qxd5 Qxd5 11. Nxd5 Bxb2 12. Nxe7+ Kg7 13. Rab1 Ba3 14. Nd5 Na6 15. Rb3 Bb4 16. Rfb1 Be6 17. e4 Bxd5 18. exd5 Nc7 19. a3 Ba5 20. c4 Ne8 21. Ne5 Nf6 22. Nc6 Bb6 23. a4 Ne4 24. R1b2 Rfe8 25. a5 Bc7 26. f3 Nd6 27. Kf2 h5 28. Bd3 Kf6 29. Re2 Rxe2+ 30. Bxe2 a6 31. Bd3 Re8 32. Rb2 Nf5 33. Bxf5 Kxf5 34. g3 h4 35. Rb7 Bd6 36. Rxf7+ Kg5 37. Rd7 Be5 38. Nxe5 Rxe5 39. f4+ 1-0


[Site "https://www.chess.com"]

[Event "Titled Tuesday Blitz June 21 Early 2022"]
[White "Grigorov, Grigor"]
[Black "Samunenkov, Ihor"]
[WhiteFideId "2907313"]
[BlackFideId "14187086"]
[WhiteElo "2510"]
[BlackElo "2409"]
[Result "1-0"]
[Round "03"]
[TimeControl "180+1"]
[Date "2022.06.21"]
[WhiteClock "0:00:08"]
[BlackClock "0:00:01"]

1. d4 Nf6 2. Nf3 e6 3. Bg5 h6 4. Bh4 c5 5. e3 d5 6. Nbd2 Bd6 7. c3 Nbd7 8. Bd3 O-O 9. Qe2 Qc7 10. O-O b6 11. e4 dxe4 12. Nxe4 Bb7 13. Nxd6 Qxd6 14. Bg3 Qe7 15. Rad1 Bxf3 16. Qxf3 cxd4 17. Bb1 dxc3 18. Bd6 Qd8 19. Bxf8 Qxf8 20. Qxc3 Rc8 21. Qd4 Nd5 22. Rc1 Rd8 23. Rfd1 N7f6 24. a3 a5 25. g3 Qe7 26. Ba2 h5 27. Qe5 g6 28. Rd4 Kh7 29. Bb1 Kh6 30. h4 Ng4 31. Qe2 Ngf6 32. Qd2+ Kg7 33. Qg5 Rh8 34. Ba2 Qd6 35. Rdc4 Rd8 36. Rc6 Qd7 37. Qe5 Kg8 38. Qd4 Kh7 39. Bb1 Kg8 40. Qe5 Qe7 41. Ba2 Qd7 42. Kg2 Kh7 43. Rc7 Nxc7 44. Rxc7 Qd6 45. Rxf7+ 1-0


[Site "https://www.chess.com"]

[Event "Titled Tuesday Blitz June 21 Early 2022"]
[White "Grischuk, Alexander"]
[Black "Puranik, Abhimanyu"]
[WhiteFideId "4126025"]
[BlackFideId "5061245"]
[WhiteElo "2762"]
[BlackElo "2520"]
[Result "1-0"]
[Round "03"]
[TimeControl "180+1"]
[Date "2022.06.21"]
[WhiteClock "0:00:05"]
[BlackClock "0:00:01"]

1. d4 Nf6 2. c4 g6 3. Nc3 d5 4. cxd5 Nxd5 5. e4 Nxc3 6. bxc3 Bg7 7. Nf3 c5 8. h3 O-O 9. Be2 Nc6 10. Be3 cxd4 11. cxd4 Qa5+ 12. Bd2 Qa3 13. d5 Ne5 14. O-O Bd7 15. Rb1 Ba4 16. Qe1 Nd3 17. Bxd3 Qxd3 18. Bg5 h6 19. Bxe7 Rfe8 20. Rxb7 Qa6 21. Qb4 Rac8 22. d6 Bc3 23. Qb1 Bc2 24. Qb5 Qxb5 25. Rxb5 Bd3 26. Rfb1 Bxb1 27. Rxb1 Rb8 28. Rd1 Bb4 29. Ne5 Rb7 30. Nc6 Bxd6 31. Rxd6 Rexe7 32. Nxe7+ Rxe7 33. f3 Kg7 34. Ra6 h5 35. h4 Rb7 36. Kh2 Kf8 37. Kg3 Ke7 38. Kf4 f6 39. g4 Kf7 40. gxh5 gxh5 41. a4 Kg7 42. Kf5 Rb3 43. f4 1-0


[Site "https://www.chess.com"]

[Event "Titled Tuesday Blitz June 21 Early 2022"]
[White "Hakobyan, Aram"]
[Black "Gabrielian, Artur"]
[WhiteFideId "13306677"]
[BlackFideId "4131002"]
[WhiteElo "2557"]
[BlackElo "2440"]
[Result "1/2-1/2"]
[Round "03"]
[TimeControl "180+1"]
[Date "2022.06.21"]
[WhiteClock "0:00:15"]
[BlackClock "0:00:13"]

1. d4 Nf6 2. Nf3 g6 3. c4 Bg7 4. Nc3 O-O 5. e4 d6 6. Be2 e5 7. Be3 Nbd7 8. O-O c6 9. Re1 Re8 10. dxe5 dxe5 11. h3 Qe7 12. Qc2 Nh5 13. Rad1 Nf4 14. Bf1 Ne6 15. a3 a5 16. Na4 c5 17. Nd2 Nd4 18. Qb1 Ra6 19. Nc3 Nf6 20. Nd5 Nxd5 21. cxd5 Ra8 22. a4 Bd7 23. b3 Reb8 24. Bc4 b5 25. axb5 Bxb5 26. Bxd4 cxd4 27. Qd3 Be8 28. Ra1 Qb4 29. Nf3 Rc8 30. Rec1 Rc7 31. Rc2 Rac8 32. Rca2 a4 33. Rxa4 Bxa4 34. Rxa4 Qc3 35. Qd1 Rxc4 36. bxc4 Rxc4 37. Ra8+ Rc8 38. Rxc8+ Qxc8 39. Ne1 Bf8 40. Nd3 Bd6 41. g4 Qc3 42. Kg2 h6 43. Qf3 Kg7 44. h4 Qd2 45. h5 Qg5 46. Kf1 Qd2 47. hxg6 fxg6 48. Kg2 Qg5 49. Qg3 Qf6 50. Qh3 Qg5 51. Qf3 h5 52. Kh3 Kh6 53. gxh5 gxh5 54. Kh2 h4 55. Qf7 Qg6 56. Qxg6+ Kxg6 57. Kh3 Kg5 58. f3 Bc7 59. Nb2 Bd6 60. Nd3 Bc7 61. Kg2 Bd6 62. Kh2 Bc7 63. Kh3 Bd6 64. f4+ exf4 65. e5 Bf8 66. d6 Kf5 67. Kxh4 Ke6 68. Kg4 Bxd6 69. Kxf4 Bxe5+ 70. Ke4 Bf6 71. Nc5+ Ke7 72. Nd3 Kf8 73. Kd5 Be5 74. Ke6 Kg7 75. Kxe5 Kh6 76. Ke4 Kh5 77. Kf4 Kh4 78. Nf2 Kh5 79. Ne4 d3 80. Ng3+ Kh6 81. Nf1 d2 82. Ne3 d1=Q 83. Nxd1 1/2-1/2


[Site "https://www.chess.com"]

[Event "Titled Tuesday Blitz June 21 Early 2022"]
[White "Harvey, Marcus R"]
[Black "Daeschler, Florian"]
[WhiteFideId "400092"]
[BlackFideId "20678193"]
[WhiteElo "2485"]
[BlackElo "2221"]
[Result "1-0"]
[Round "03"]
[TimeControl "180+1"]
[Date "2022.06.22"]
[WhiteClock "0:01:09"]
[BlackClock "0:00:26"]

1. d4 Nf6 2. c4 c5 3. d5 e6 4. Nc3 exd5 5. cxd5 d6 6. e4 g6 7. f4 Bg7 8. Bb5+ Nfd7 9. a4 O-O 10. Nf3 Re8 11. O-O Na6 12. Be3 Nb4 13. Bf2 a6 14. Be2 Nf6 15. Bh4 Qc7 16. e5 Ng4 17. Qd2 dxe5 18. d6 Qd7 19. h3 e4 20. hxg4 exf3 21. Bxf3 Bd4+ 22. Bf2 Qxd6 23. Rad1 Bxf2+ 24. Qxf2 Qxf4 25. Qxc5 Be6 26. Ne4 Nc6 27. Qc3 Ne5 28. g5 Rec8 29. Qd4 Rc4 30. Nf6+ Kg7 31. Qxf4 Rxf4 32. Bxb7 Rxf1+ 33. Kxf1 Rb8 34. Bxa6 Rxb2 35. Rd8 Rb1+ 36. Ke2 Rb2+ 37. Kd1 Rb1+ 38. Kd2 Rb2+ 39. Kc1 1-0


[Site "https://www.chess.com"]

[Event "Titled Tuesday Blitz June 21 Early 2022"]
[White "Hoffmann, Asa"]
[Black "Xu, Yinglun"]
[WhiteFideId "2001470"]
[BlackFideId "8604940"]
[WhiteElo "2117"]
[BlackElo "2544"]
[Result "0-1"]
[Round "03"]
[TimeControl "180+1"]
[Date "2022.06.22"]
[WhiteClock "0:00:30"]
[BlackClock "0:00:21"]

1. d4 Nf6 2. Bg5 e6 3. Nd2 d5 4. e3 Be7 5. Bd3 h6 6. Bh4 c5 7. c3 Nc6 8. f4 O-O 9. Ngf3 Ne8 10. Bg3 a6 11. O-O b5 12. Ne5 Bb7 13. f5 exf5 14. Bxf5 Nxe5 15. dxe5 Bc8 16. Qg4 Nc7 17. Nf3 Bxf5 18. Qxf5 Qc8 19. Qh5 Qe6 20. Rae1 Kh7 21. e4 g6 22. exd5 Nxd5 23. Qh3 Qxh3 24. gxh3 Rae8 25. Rf2 Nc7 26. Rd2 Rd8 27. Red1 Rxd2 28. Rxd2 Rd8 29. Rxd8 Bxd8 30. Kf2 Kg7 31. Ke3 Kf8 32. Ke4 Ke8 33. b3 Kd7 34. Ne1 Kc6 35. Nd3 Nd5 36. Be1 Bg5 37. h4 Be7 38. c4 bxc4 39. bxc4 Nb6 40. Nb2 Nd7 41. Nd3 h5 42. Bg3 Nf8 43. Nf4 Ne6 44. Nd5 Bd8 45. Bf2 Ba5 46. Ne7+ Kd7 47. Nd5 Bd8 48. Nc3 Kc6 49. Nd5 Ng7 50. Nf4 Nf5 51. e6 fxe6 52. Nxe6 Bxh4 53. Bxh4 Nxh4 54. Kf4 Kd6 55. Nf8 Ke7 56. Nh7 Nf5 57. Ke5 Ne3 58. Ng5 Ng4+ 59. Kd5 Nxh2 60. Kxc5 Ng4 61. Kb6 Kf6 62. Nf3 g5 63. c5 Ne3 64. c6 g4 65. c7 Nd5+ 66. Kc6 Nxc7 67. Nh4 Ne6 68. Kb6 Nf4 69. Kxa6 Kg5 0-1


[Site "https://www.chess.com"]

[Event "Titled Tuesday Blitz June 21 Early 2022"]
[White "Horak, Martin"]
[Black "Karttunen, Mika"]
[WhiteFideId "367095"]
[BlackFideId "502081"]
[WhiteElo "1997"]
[BlackElo "2343"]
[Result "0-1"]
[Round "03"]
[TimeControl "180+1"]
[Date "2022.06.22"]
[WhiteClock "0:00:05"]
[BlackClock "0:00:15"]

1. e4 c5 2. Nc3 Nc6 3. Bb5 Nd4 4. Nf3 Nxb5 5. Nxb5 a6 6. Nc3 b5 7. d4 cxd4 8. Qxd4 d6 9. Bg5 Bb7 10. O-O e5 11. Qd3 f6 12. Be3 Ne7 13. Rfd1 Ng6 14. a4 b4 15. Nd5 Bxd5 16. Qxd5 Qc8 17. Nd2 Ne7 18. Qd3 Qc6 19. Nc4 Nc8 20. Na5 Qc7 21. Qd5 Rb8 22. Nc4 Be7 23. Rd3 Qb7 24. Rad1 Qxd5 25. Rxd5 O-O 26. Na5 f5 27. Nc6 Rb7 28. f3 fxe4 29. fxe4 Rc7 30. Nxb4 Rc4 31. c3 Rxe4 32. Bf2 Re2 33. R1d2 Rxd2 34. Rxd2 a5 35. Nc6 Bd8 36. b4 axb4 37. cxb4 Bb6 38. Bxb6 Nxb6 39. a5 Nc4 40. Ra2 Ne3 41. h3 d5 42. a6 d4 43. a7 d3 44. a8=Q Rxa8 45. Rxa8+ Kf7 46. Rd8 e4 47. Rd4 Nc2 48. Ne5+ Kf6 49. Ng4+ Kg5 50. Rd8 h5 51. Nf2 Kf4 52. Kf1 Nxb4 53. Ke1 Nc2+ 54. Kd2 e3+ 55. Kxd3 exf2 56. Rf8+ Kg3 57. Kxc2 Kxg2 58. Kd3 f1=Q+ 59. Rxf1 Kxf1 60. Ke4 Kg2 61. Kf4 Kxh3 0-1


[Site "https://www.chess.com"]

[Event "Titled Tuesday Blitz June 21 Early 2022"]
[White "Ibrahimli, Murad"]
[Black "Alexiadis, Hristos"]
[WhiteFideId "13410229"]
[BlackFideId "4249623"]
[WhiteElo "2109"]
[BlackElo "2416"]
[Result "1/2-1/2"]
[Round "03"]
[TimeControl "180+1"]
[Date "2022.06.21"]
[WhiteClock "0:00:28"]
[BlackClock "0:00:20"]

1. e4 e5 2. Nf3 Nc6 3. Bc4 Bc5 4. O-O Nf6 5. d3 d6 6. c3 a5 7. a4 O-O 8. Nbd2 h6 9. Re1 Be6 10. h3 Ne7 11. Bxe6 fxe6 12. d4 exd4 13. cxd4 Bb6 14. Nc4 Nc8 15. Nxb6 Nxb6 16. Qb3 Qe8 17. Bd2 Kh8 18. Rac1 Rf7 19. e5 Nfd5 20. exd6 cxd6 21. Re4 Qxa4 22. Qxa4 Nxa4 23. b3 Nab6 24. Rxe6 Rd7 25. Nh4 a4 26. bxa4 Rxa4 27. Nf5 Nc4 28. Be1 b5 29. f3 Ra2 30. Rb1 Rf7 31. Nxd6 Nxd6 32. Rxd6 Nf4 33. Bf2 Re7 34. Rd8+ Kh7 35. Rf8 Nd3 36. Bg3 Ree2 37. Kh1 Rxg2 38. Rg1 Rxg1+ 39. Kxg1 b4 40. Rb8 Rd2 41. d5 Nc1 42. Rxb4 Ne2+ 43. Kf2 Nxg3+ 44. Kxg3 Rxd5 45. h4 Rd6 46. Rf4 Rg6+ 47. Kf2 Ra6 48. Re4 Ra2+ 49. Kg3 Ra6 50. Re7 Rg6+ 51. Kf4 Rf6+ 52. Kg4 Rg6+ 53. Kh3 Rf6 54. Re3 Kg6 55. Kg4 h5+ 56. Kg3 Ra6 57. Re5 Kh6 58. Rg5 g6 59. Rd5 Ra1 60. Rd8 Rg1+ 61. Kh2 Rf1 62. Kg2 Ra1 63. Rd7 Ra2+ 64. Kg3 Ra1 65. Rd6 Rg1+ 66. Kh2 Ra1 67. Kg2 Ra4 68. Kg3 Ra5 69. Rd3 Ra1 70. Rc3 Rg1+ 71. Kh2 Rf1 72. Kg2 Ra1 73. Rc4 Ra2+ 74. Kg3 Ra1 75. Rf4 Rg1+ 76. Kf2 Rh1 77. Re4 Rh2+ 78. Kg3 Ra2 79. Re3 Ra1 80. f4 Rg1+ 81. Kh2 Rf1 82. Re4 Ra1 83. Re6 Kg7 84. Kg3 Rg1+ 85. Kf2 Rg4 86. Kf3 Rxh4 87. Re7+ Kf6 88. Ra7 Rh3+ 89. Ke4 Rb3 90. Ra6+ Kg7 91. Ra7+ Kh6 92. Ra8 Rb4+ 93. Kf3 Kg7 94. Ra7+ Kh6 95. Ra8 Rb5 96. Kg3 Rf5 97. Ra6 Kg7 98. Ra7+ Rf7 99. Ra8 Re7 100. Ra6 Kf7 101. f5 gxf5 102. Kf4 Re6 103. Ra5 Kg6 104. Rxf5 Rf6 105. Rxf6+ Kxf6 106. Kg3 Kg5 107. Kh3 h4 108. Kh2 Kh5 109. Kh1 Kg4 110. Kg1 h3 111. Kh1 Kh4 112. Kh2 Kg4 113. Kh1 Kg3 114. Kg1 h2+ 115. Kh1 Kh3 1/2-1/2


[Site "https://www.chess.com"]

[Event "Titled Tuesday Blitz June 21 Early 2022"]
[White "Jaferian, Koosha"]
[Black "Sethuraman, S.P."]
[WhiteFideId "12507440"]
[BlackFideId "5021596"]
[WhiteElo "2030"]
[BlackElo "2473"]
[Result "1/2-1/2"]
[Round "03"]
[TimeControl "180+1"]
[Date "2022.06.21"]
[WhiteClock "0:00:09"]
[BlackClock "0:00:06"]

1. Nf3 c5 2. b3 d6 3. d4 cxd4 4. Nxd4 Nf6 5. Bb2 e5 6. Nb5 a6 7. N5a3 d5 8. e3 Nc6 9. Be2 b5 10. c3 Bb7 11. Nc2 Be7 12. O-O O-O 13. a4 bxa4 14. Rxa4 a5 15. c4 dxc4 16. Bxc4 Nd7 17. Bb5 Nc5 18. Rc4 Qxd1 19. Rxd1 Rad8 20. Rf1 Na7 21. Ba3 Rc8 22. Bxc5 Bxc5 23. Rc1 Nxb5 24. Ne1 Be7 25. Nd3 f6 26. Nd2 Nd6 27. Rc7 Rfe8 28. h4 Ba6 29. Nb2 Kf8 30. Na4 Nb5 31. R7c6 Bb7 32. R6c4 Rxc4 33. Nxc4 Bb4 34. Rd1 Ke7 35. Nab6 Rd8 36. Ra1 Bc3 37. Rc1 Bb4 38. Ra1 Be4 39. Nxa5 Bxa5 40. Rxa5 Nd6 41. Ra7+ Bb7 42. Nc4 Rd7 43. Nb6 Rc7 44. Nd5+ Kd8 45. Nxc7 Kxc7 46. Ra1 Kb6 47. Rd1 Kc5 48. Rc1+ Kb4 49. Rd1 Kc5 50. Rc1+ Kb6 51. Rd1 Kc7 52. Rc1+ Bc6 53. f3 Kd7 54. e4 f5 55. exf5 Nxf5 56. h5 Kd6 57. Kf2 Nd4 58. Rb1 Bd5 59. b4 Nb5 60. Ra1 e4 61. fxe4 Bxe4 62. Ra6+ Kd5 63. Rb6 Kc4 64. Re6 Bf5 65. Re7 g5 66. hxg6 hxg6 67. Kg3 Kxb4 68. Kf4 Kc5 69. Kg5 Nc3 70. Rg7 Ne4+ 71. Kh6 Kd4 72. Rxg6 Bxg6 73. Kxg6 Ke3 74. g4 Kf4 75. g5 Nxg5 1/2-1/2


[Site "https://www.chess.com"]

[Event "Titled Tuesday Blitz June 21 Early 2022"]
[White "Jaracz, Pawel"]
[Black "Yilmaz, Mustafa"]
[WhiteFideId "1102222"]
[BlackFideId "6302718"]
[WhiteElo "2459"]
[BlackElo "2568"]
[Result "0-1"]
[Round "03"]
[TimeControl "180+1"]
[Date "2022.06.21"]
[WhiteClock "0:00:07"]
[BlackClock "0:00:17"]

1. e4 c5 2. Nf3 d6 3. Bb5+ Nd7 4. d4 cxd4 5. Qxd4 a6 6. Bxd7+ Qxd7 7. O-O e5 8. Qd3 Qc6 9. c4 f5 10. Nc3 Nf6 11. exf5 Be7 12. Re1 O-O 13. Bg5 Qd7 14. Bxf6 Bxf6 15. Rad1 Qxf5 16. Qxf5 Bxf5 17. Rxd6 Rac8 18. Nxe5 Rfe8 19. f4 Rxc4 20. Nd5 Bh4 21. g3 Bd8 22. Nxc4 Rxe1+ 23. Kf2 Re8 24. Rxd8 Rxd8 25. Ne7+ Kf8 26. Nxf5 b5 27. Ne5 Rd2+ 28. Ke3 Rxb2 29. a3 Rxh2 30. Nd7+ Kf7 31. Nc5 Ra2 32. Nd6+ Kg8 33. a4 bxa4 34. g4 a3 0-1


[Site "https://www.chess.com"]

[Event "Titled Tuesday Blitz June 21 Early 2022"]
[White "Jobava, Baadur"]
[Black "Hosseinzadeh, Nima"]
[WhiteFideId "13601520"]
[BlackFideId "12505323"]
[WhiteElo "2617"]
[BlackElo "2066"]
[Result "1-0"]
[Round "03"]
[TimeControl "180+1"]
[Date "2022.06.22"]
[WhiteClock "0:02:42"]
[BlackClock "0:00:39"]

1. g4 e5 2. Bg2 d5 3. d3 c6 4. Nf3 Bd6 5. g5 h6 6. g6 fxg6 7. Nc3 Nf6 8. Rg1 g5 9. Bh1 O-O 10. Nxg5 hxg5 11. Bxg5 Qb6 12. Qd2 Ng4 13. O-O-O Nxf2 14. Nxd5 cxd5 15. Bxd5+ Kh7 16. Rdf1 Bh3 17. Be3 Bc5 18. Bxc5 Qxc5 19. Rxg7+ Kxg7 20. Qg5+ Kh7 21. Qh5+ Kg7 22. Rg1+ Ng4 23. Qg5+ Kh7 24. Be4+ Kh8 25. Qh5+ Kg7 26. Qg6+ Kh8 27. Qh7# 1-0


[Site "https://www.chess.com"]

[Event "Titled Tuesday Blitz June 21 Early 2022"]
[White "Joie, Sebastien"]
[Black "Skliarov, Viktor"]
[WhiteFideId "650420"]
[BlackFideId "14106736"]
[WhiteElo "2397"]
[BlackElo "2229"]
[Result "0-1"]
[Round "03"]
[TimeControl "180+1"]
[Date "2022.06.22"]
[WhiteClock "0:00:03"]
[BlackClock "0:00:12"]

1. Nf3 g6 2. e4 Bg7 3. d4 c6 4. Nc3 d5 5. h3 Nf6 6. Bd3 dxe4 7. Nxe4 Nxe4 8. Bxe4 Bf5 9. Bxf5 Qa5+ 10. c3 Qxf5 11. Qb3 Qd7 12. Bf4 O-O 13. O-O Na6 14. Be5 c5 15. Bxg7 Kxg7 16. Rad1 Qc7 17. dxc5 Nxc5 18. Qc4 Rad8 19. b4 Ne6 20. Qxc7 Nxc7 21. c4 f6 22. Rfe1 e5 23. Kf1 Kf7 24. Ke2 Ke6 25. Rxd8 Rxd8 26. Rd1 Rxd1 27. Kxd1 e4 28. Nd4+ Ke5 29. Nc2 f5 30. Kd2 f4 31. Kc3 g5 32. a4 h5 33. b5 Ne6 34. a5 g4 35. hxg4 hxg4 36. g3 Nc5 37. gxf4+ Kxf4 38. Ne3 Nd3 39. Nd5+ Kf3 40. Kd4 Nxf2 41. c5 g3 42. Ne3 Nd1 43. Nf5 e3 44. Kd3 e2 45. Nd4+ Kf2 46. Nxe2 Nb2+ 47. Kd2 Nc4+ 48. Kd3 Nxa5 49. Nf4 Kf3 0-1


[Site "https://www.chess.com"]

[Event "Titled Tuesday Blitz June 21 Early 2022"]
[White "Kalaiyalahan, Akshaya"]
[Black "Melikhov, Evgeny V."]
[WhiteFideId "422894"]
[BlackFideId "4122046"]
[WhiteElo "1913"]
[BlackElo "1904"]
[Result "0-1"]
[Round "03"]
[TimeControl "180+1"]
[Date "2022.06.22"]
[WhiteClock "0:00:02"]
[BlackClock "0:00:48"]

1. c4 e5 2. Nc3 d6 3. g3 f5 4. Bg2 Nf6 5. d3 Be7 6. e3 O-O 7. Nge2 a5 8. O-O c6 9. a3 h6 10. Rb1 Be6 11. b4 axb4 12. axb4 Nbd7 13. b5 d5 14. bxc6 bxc6 15. cxd5 cxd5 16. e4 fxe4 17. dxe4 d4 18. Nd5 Bxd5 19. exd5 Bd6 20. f4 Ra2 21. fxe5 Bxe5 22. Nxd4 Qa5 23. Ne6 Rc8 24. Be3 Rcc2 25. Rf2 Rxf2 26. Bxf2 Qd2 27. Qxd2 Rxd2 28. Re1 Nxd5 29. Nc5 Nxc5 30. Bxc5 Bc3 31. Re8+ Kf7 32. Re1 Rxg2+ 33. Kxg2 Bxe1 34. Kf3 Ke6 35. Bf2 Bxf2 0-1


[Site "https://www.chess.com"]

[Event "Titled Tuesday Blitz June 21 Early 2022"]
[White "Kamsky, Gata"]
[Black "Cherniaiev, Tykhon"]
[WhiteFideId "2000024"]
[BlackFideId "14182360"]
[WhiteElo "2645"]
[BlackElo "2289"]
[Result "1-0"]
[Round "03"]
[TimeControl "180+1"]
[Date "2022.06.21"]
[WhiteClock "0:00:40"]
[BlackClock "0:00:01"]

1. d4 Nf6 2. Nf3 e6 3. Bf4 c5 4. e3 Nc6 5. c3 b6 6. Nbd2 Bb7 7. h3 Be7 8. Bd3 O-O 9. O-O d6 10. Bh2 Re8 11. e4 cxd4 12. cxd4 e5 13. d5 Nb8 14. b4 a5 15. a3 Nbd7 16. Qb3 Nh5 17. Rfc1 Nf4 18. Bb5 Rc8 19. Bxf4 exf4 20. Rxc8 Qxc8 21. Nc4 Qc7 22. Rd1 Bf6 23. Qd3 axb4 24. axb4 Rd8 25. Nd4 Ne5 26. Nxe5 dxe5 27. Nf5 g6 28. d6 Qb8 29. Nh6+ Kg7 30. Ng4 h5 31. Nxf6 Kxf6 32. d7 Ke7 33. Rc1 Qa8 34. f3 Qa2 35. Qc3 f6 36. Ra1 Qe6 37. Qc7 Qd6 38. Rc1 Qxb4 39. Qxb6 Rxd7 40. Kh2 Qd6 41. Qa5 Qd2 42. Qxd2 Rxd2 43. Rc7+ Kf8 44. Rxb7 g5 45. Bd7 Kg7 46. Be6+ 1-0


[Site "https://www.chess.com"]

[Event "Titled Tuesday Blitz June 21 Early 2022"]
[White "Kobalia, Mikhail"]
[Black "Araujo Sanchez, Josue"]
[WhiteFideId "4119150"]
[BlackFideId "6416896"]
[WhiteElo "2667"]
[BlackElo "2339"]
[Result "1-0"]
[Round "03"]
[TimeControl "180+1"]
[Date "2022.06.21"]
[WhiteClock "0:00:29"]
[BlackClock "0:00:02"]

1. e4 c5 2. Nf3 d6 3. d4 cxd4 4. Nxd4 Nf6 5. Nc3 a6 6. Be3 e5 7. Nb3 Be7 8. Qd2 Be6 9. O-O-O Nbd7 10. f4 Rc8 11. Kb1 b5 12. f5 Bc4 13. Bd3 b4 14. Bxc4 Rxc4 15. Qd3 Qc8 16. Nd5 Nxd5 17. exd5 Nf6 18. Na5 Rc7 19. Bb6 Rd7 20. Nc6 O-O 21. g3 Re8 22. Ba5 Bf8 23. Bxb4 e4 24. Qb3 Rb7 25. Qc4 Qxf5 26. Rhf1 Qh5 27. Bc3 Nd7 28. Rde1 Nc5 29. Bd4 Qxh2 30. Bxc5 dxc5 31. Rxe4 Rxe4 32. Qxe4 Qxg3 33. Qe8 Qd6 34. c4 Qg6+ 35. Ka1 Qg2 36. Rb1 h5 37. Qc8 Rb6 38. Ne7+ 1-0


[Site "https://www.chess.com"]

[Event "Titled Tuesday Blitz June 21 Early 2022"]
[White "Koellner, Ruben Gideon"]
[Black "Antonio, Jorge Carlos"]
[WhiteFideId "12993093"]
[BlackFideId "113190"]
[WhiteElo "2560"]
[BlackElo "2247"]
[Result "1-0"]
[Round "03"]
[TimeControl "180+1"]
[Date "2022.06.22"]
[WhiteClock "0:01:59"]
[BlackClock "0:00:39"]

1. d4 d5 2. Bf4 Nf6 3. e3 e6 4. Nd2 Bd6 5. Bg3 h5 6. Ngf3 Ng4 7. Bd3 h4 8. Bxd6 cxd6 9. h3 Nf6 10. c4 dxc4 11. Nxc4 d5 12. Nce5 Nc6 13. O-O Nxe5 14. Nxe5 Nd7 15. f4 Nxe5 16. fxe5 Qg5 17. Rf4 Bd7 18. Qf3 Qh5 19. Rf1 Qxf3 20. R4xf3 O-O 21. Rf4 f6 22. exf6 gxf6 23. Rxf6 Rxf6 24. Rxf6 Rc8 25. Kh2 Rc1 26. Rf1 Rc7 27. Rf4 Rc1 28. Rxh4 Rd1 29. Bh7+ Kg7 30. Bc2 Rd2 31. Rh7+ Kf6 32. Rxd7 Rxc2 33. Rxb7 Kf5 34. Rxa7 Rxb2 35. Ra6 Re2 36. Ra3 Ke4 37. h4 Rxe3 38. Rxe3+ Kxe3 39. h5 Kxd4 40. h6 e5 41. h7 Kd3 42. h8=Q e4 43. Qe5 d4 44. Kg3 e3 45. Kf3 Kc3 46. Ke2 Kc4 47. Qe4 1-0


[Site "https://www.chess.com"]

[Event "Titled Tuesday Blitz June 21 Early 2022"]
[White "Kononenko, Dmitry"]
[Black "Escudero Donoso, Felipe"]
[WhiteFideId "14113538"]
[BlackFideId "3410595"]
[WhiteElo "2145"]
[BlackElo "2184"]
[Result "1-0"]
[Round "03"]
[TimeControl "180+1"]
[Date "2022.06.22"]
[WhiteClock "0:00:52"]
[BlackClock "0:00:02"]

1. e4 c5 2. Nf3 e6 3. d4 cxd4 4. Nxd4 a6 5. c4 Nf6 6. Nc3 Qc7 7. Bd3 Bb4 8. O-O Nc6 9. Nc2 Be7 10. Kh1 d6 11. f4 O-O 12. Be3 b6 13. Rc1 Bb7 14. Bg1 Nb8 15. Qe2 Nbd7 16. b4 Rac8 17. Ne3 Qb8 18. a4 Qa8 19. Ned1 Rfe8 20. Nf2 d5 21. e5 Ne4 22. Ncxe4 dxe4 23. Nxe4 Bxb4 24. Ng5 g6 25. h4 Nc5 26. Bc2 h6 27. Nf3 Ne4 28. Bxe4 Bxe4 29. Bxb6 Qb7 30. Be3 Red8 31. c5 Bd3 32. Qf2 Bxf1 33. Rxf1 Qe4 34. f5 exf5 35. Bxh6 Bxc5 36. Qb2 Bd4 37. Qb3 Rc3 38. Qb1 Qxb1 39. Rxb1 Rdc8 40. Nxd4 R3c4 41. Nf3 Rxa4 42. Bg5 Kg7 43. Bf6+ Kh7 44. Rb7 Rf8 45. Ng5+ Kh6 46. Nxf7+ Kh5 47. Nd6 Rd8 48. Kh2 Kg4 49. Bxd8 1-0


[Site "https://www.chess.com"]

[Event "Titled Tuesday Blitz June 21 Early 2022"]
[White "Kosakowski, Jakub"]
[Black "Barria Zuniga, Daniel"]
[WhiteFideId "1185080"]
[BlackFideId "3400816"]
[WhiteElo "2476"]
[BlackElo "2414"]
[Result "1-0"]
[Round "03"]
[TimeControl "180+1"]
[Date "2022.06.21"]
[WhiteClock "0:01:13"]
[BlackClock "0:00:11"]

1. e4 c5 2. Nf3 e6 3. d4 cxd4 4. Nxd4 a6 5. Bd3 g6 6. O-O Bg7 7. Nb3 Ne7 8. c4 O-O 9. Nc3 Nbc6 10. Be2 a5 11. Be3 a4 12. Nd4 Qa5 13. Rc1 Rd8 14. c5 a3 15. b3 d6 16. cxd6 Bxd4 17. dxe7 Nxe7 18. Bxd4 e5 19. b4 Qxb4 20. Bc5 Qa5 21. Nd5 Nxd5 22. exd5 b6 23. Be3 Rxd5 24. Qc2 Bf5 25. Qb3 Rad8 26. Bxb6 1-0


[Site "https://www.chess.com"]

[Event "Titled Tuesday Blitz June 21 Early 2022"]
[White "Kosteniuk, Alexandra"]
[Black "Svane, Frederik"]
[WhiteFideId "4128125"]
[BlackFideId "12923044"]
[WhiteElo "2469"]
[BlackElo "2459"]
[Result "1-0"]
[Round "03"]
[TimeControl "180+1"]
[Date "2022.06.21"]
[WhiteClock "0:00:10"]
[BlackClock "0:00:02"]

1. e4 c5 2. c3 e5 3. Nf3 Nc6 4. Bb5 Nge7 5. O-O a6 6. Ba4 b5 7. Bc2 d5 8. d4 cxd4 9. cxd4 Bg4 10. dxe5 d4 11. Nbd2 Ng6 12. h3 Bxf3 13. Nxf3 Be7 14. Bb3 Ncxe5 15. Nxe5 Nxe5 16. Bd5 Rc8 17. Qxd4 Bf6 18. Qa7 O-O 19. Be3 Nc4 20. Rad1 Qc7 21. Qxc7 Rxc7 22. Bf4 Be5 23. Bxe5 Nxe5 24. b3 g5 25. Rd2 Kg7 26. f4 gxf4 27. Rxf4 f6 28. Be6 Re8 29. Bf5 Ree7 30. Kh2 Rc6 31. Rf1 Rec7 32. Rfd1 Rc2 33. a4 bxa4 34. bxa4 Rxd2 35. Rxd2 Rc4 36. a5 Ra4 37. Rd5 h5 38. Bc8 Nc4 39. Rd4 Rxa5 40. Rxc4 Ra2 41. Rc7+ Kg6 42. h4 f5 43. Bxf5+ Kf6 44. Rc5 a5 45. Bd7 a4 46. e5+ Ke7 47. e6 a3 48. Ra5 Ra1 49. Ra7 a2 50. Bc8+ Kf6 51. e7 Re1 52. Rxa2 Rxe7 53. Ra5 Kg6 54. Rg5+ Kh6 55. Bf5 Re5 56. Rg6+ Kh7 57. Rg5+ Kh6 58. Bh3 Rxg5 59. hxg5+ Kxg5 60. Kg3 h4+ 61. Kf3 1-0


[Site "https://www.chess.com"]

[Event "Titled Tuesday Blitz June 21 Early 2022"]
[White "Kozelov, Roman"]
[Black "Glavina, Pablo"]
[WhiteFideId "14133377"]
[BlackFideId "100234"]
[WhiteElo "2149"]
[BlackElo "2369"]
[Result "1-0"]
[Round "03"]
[TimeControl "180+1"]
[Date "2022.06.22"]
[WhiteClock "0:01:20"]
[BlackClock "0:00:08"]

1. e4 c5 2. Nf3 d6 3. Bb5+ Nc6 4. a4 Bd7 5. O-O Nf6 6. Nc3 g6 7. d3 Bg7 8. h3 O-O 9. Be3 a6 10. Bc4 Na5 11. Ba2 b5 12. axb5 axb5 13. Qd2 b4 14. Nd5 e6 15. Nf4 Bc6 16. c4 Qe7 17. h4 Nd7 18. h5 g5 19. Nxg5 Qxg5 20. Nxe6 Qf6 21. Nxg7 Qxg7 22. Bh6 Qf6 23. Bxf8 Nxf8 24. f4 Qd4+ 25. Qf2 Qxd3 26. Bb1 Qd4 27. Qxd4 cxd4 28. Rd1 Nb3 29. Rxa8 Bxa8 30. Bc2 Nc5 31. Rxd4 b3 32. Bb1 Nfe6 33. Rxd6 Bxe4 34. Bxe4 Nxe4 35. Rb6 N4c5 36. f5 Nd4 37. f6 Nd3 38. Rb8# 1-0


[Site "https://www.chess.com"]